AoeStats
← [RZ] HardZeeiRa-BR

Arabia

509324873Analyzed
1v1 RM · 5d ago on Sep 26, 2026· 17m 13s· 2 players
Game mode
Random Map
Map size
Tiny (2 player)
Population
200
Speed
Normal
Resources
Standard
Victory
Conquest
Starting age
Dark Age
Ending age
Imperial Age
RankedLock teamsTeams togetherTeam positionsShared explorationLock speedFull tech treeHidden civsTurbo modeCheats
Victory
Defeat
🇧🇷 Varangians · Brazil
1155
+17
🇸🇪 Goths · Sweden
1177
-36
[RZ] HardZeeiRa-BR
6:08 Loom
9:14 Feudal Age
10:21 Double-Bit Axe
15:24 Bloodlines
LarsIngo
5:06 Loom
11:00 Feudal Age
14:50 Castle Age
13:11 Gold Mining
Connection lost

Rejoining the realm…

Still unreachable

The connection could not be restored.

Session expired

The server has moved on; the page needs a fresh start.